 Dungeon Crawl Stone Soup version 0.14-a0-2124-ga163777 (webtiles) character file.

413 Econoterrorist the Cleaver (level 6, -4/51 HPs)
             Began as a Minotaur Fighter on Jan 27, 2014.
             Was an Initiate of Okawaru.
             Slain by an ogre
             ... wielding a +0,+0 giant club
              (18 damage)
             ... on Level 3 of the Dungeon.
             The game lasted 00:14:00 (3143 turns).

Econoterrorist the Cleaver (Minotaur Fighter)       Turns: 3143, Time: 00:14:01

HP  -4/51        AC  9     Str 20      XL: 6   Next: 21%
MP   3/3         EV  5     Int  5      God: Okawaru [......]
Gold 95          SH 19     Dex 12      Spells:  0 memorised,  5 levels left

rFire  . . .     SeeInvis .     a - +0 hand axe
rCold  . . .     Clarity  .     s - +0 chain mail
rNeg   . . .     Conserve .     c - +0 shield
rPois  .         rCorr    .     (helmet restricted)
rElec  .         rRot     .     (no cloak)
SustAb . .       Spirit   .     (no gloves)
rMut   .         Warding  .     (no boots)
Saprov . . .     Stasis   .     (no amulet)
MR     .....                    (no ring)
                                (no ring)

@: not resistant to hostile enchantments, extremely unstealthy
A: retaliatory headbutt, horns 2
a: Renounce Religion


You were on level 3 of the Dungeon.
You worshipped Okawaru.
Okawaru was noncommittal.
You were hungry.

You visited 1 branch of the dungeon, and saw 4 of its levels.

You collected 95 gold pieces.

Inventory:

Hand weapons
 a - a +0,+0 hand axe (weapon)
Armour
 c - a +0 shield (worn)
 s - a +0 chain mail (worn)
Magical devices
 g - a wand of magic darts (3)
 q - a wand of draining (4) {unknown}
Comestibles
 d - 6 bread rations
 f - 2 chunks of quokka flesh
 r - a meat ration
Scrolls
 h - a scroll of blinking {unknown}
 i - 2 scrolls of random uselessness {unknown}
 j - a scroll of recharging {unknown}
 k - a scroll of curse armour {unknown}
 l - a scroll of fog {unknown}
 m - 2 scrolls of noise {unknown}
 n - 2 scrolls of magic mapping {unknown}
 o - a scroll of curse weapon {unknown}
 p - a scroll of remove curse {unknown}
 t - a scroll of enchant armour {unknown}
Potions
 b - a potion of heal wounds
 e - a potion of curing


   Skills:
 + Level 3.6 Fighting
 - Level 8.0 Axes
 + Level 3.6 Armour
 + Level 3.6 Shields


You had 5 spell levels left.
You didn't know any spells.

Dungeon Overview and Level Annotations

Branches:
Dungeon (4/16)
 Temple: D:4-7

Altars:
Fedhas
Okawaru
Jiyva


Innate Abilities, Weirdness & Mutations

You reflexively headbutt those who attack you in melee.
You have a pair of horns on your head.


Message History

The ogre is lightly wounded.
The ogre hits you with a giant club!
You slash the ogre!
The ogre is heavily wounded.
A giant frog and an orc priest come into view.
You hit the ogre.
The ogre is severely wounded.
The giant frog moves out of view.
The ogre hits you with a giant club!
* * * LOW HITPOINT WARNING * * *
The orc priest looks braver.
You block the ogre's attack.
You climb upwards.
There is a stone staircase leading down here.
You hit the ogre.
You headbutt the ogre, but do no damage.
The ogre is severely wounded.
You hit the ogre but do no damage. You headbutt the ogre!
The ogre is almost dead.
The ogre hits you with a giant club!
You die...

#................#
#.########.#####..
#.# #.# #.# #.#
#.# ##.. #.# #.#
#♣.. #.########.#
#♣♣. #..........#
#♣♣. #O########.#
♣♣. #@# #.# ♣♣♣.
#.# #.# ♣♣♣♣. #.#
#.# ♣♣♣.. #.#
#.#♣♣♣..♣ #.#
#.#♣♣♣_.♣ #.#
#.#♣♣..♣♣ #.#
#.#♣♣♣♣♣♣ #.#
#.#♣♣♣♣♣♣
#.########.#


You could see an ogre.

Vanquished Creatures
  An orc priest (D:3)
  2 jellies (D:2)
  A soldier ant zombie (D:3)
  2 orc wizards (D:3)
  Terence (D:3)
  3 adders
  A giant mite (D:2)
  3 giant geckos
  5 oozes (D:2)
  4 orcs
  9 bats
  6 giant cockroaches
  10 hobgoblins
  6 jackals
  3 quokkas (D:3)
  4 training dummies (D:2)
  A ball python (D:3)
  3 giant newts
  9 goblins
  10 kobolds
  7 rats
91 creatures vanquished.

Vanquished Creatures (others)
  A toadstool (D:2)
1 creature vanquished.

Grand Total: 92 creatures vanquished

Notes
Turn   | Place    | Note
--------------------------------------------------------------
     0 | D:1      | Econoterrorist, the Minotaur Fighter, began the quest for the Orb.
     0 | D:1      | Reached XP level 1. HP: 19/19 MP: 1/1
   251 | D:1      | Reached XP level 2. HP: 21/26 MP: 1/1
   674 | D:1      | Reached skill level 4 in Axes
   741 | D:1      | Reached XP level 3. HP: 28/31 MP: 2/2
  1255 | D:2      | Reached skill level 5 in Axes
  1386 | D:2      | Found an iron altar of Okawaru.
  1394 | D:2      | Became a worshipper of Warmaster Okawaru
  1424 | D:2      | Reached XP level 4. HP: 39/39 MP: 2/2
  1731 | D:2      | Reached skill level 6 in Axes
  1735 | D:2      | Reached XP level 5. HP: 35/45 MP: 2/2
  1758 | D:2      | Found a viscous altar of Jiyva.
  2042 | D:3      | Reached skill level 7 in Axes
  2581 | D:3      | Noticed Terence
  2600 | D:3      | Killed Terence
  2760 | D:3      | Reached XP level 6. HP: 51/51 MP: 3/3
  2960 | D:3      | Reached skill level 8 in Axes
  2976 | D:3      | Found a blossoming altar of Fedhas.
  3143 | D:3      | Slain by an ogre

Action                   |  1- 3 |  4- 6 || total
-------------------------+-------+-------++-------
Melee: Hand axe          |   125 |   155 ||   280
  Use: Potion            |       |     3 ||     3
